 Dungeon Crawl Stone Soup version 0.26.1-2-gb8aa6d0cf2 (webtiles) character file.

Game seed: 15404906278578838541

55 Gadfly the Chopper (level 3, 0/29 HPs)
             Began as a Demonspawn Monk on Feb 10, 2021.
             Slain by a bullfrog zombie (2 damage)
             ... on level 2 of the Dungeon.
             The game lasted 00:02:20 (2064 turns).

Gadfly the Chopper (Demonspawn Monk)                Turns: 2064, Time: 00:02:21

Health: 0/29       AC: 11    Str: 12    XL:     3   Next: 67%
Magic:  4/4        EV: 10    Int: 11    God:
Gold:   138        SH:  0    Dex: 21    Spells: 2/2 levels left

rFire    . . .     SeeInvis .   a - +0 hand axe
rCold    + . .     Faith    .   (no shield)
rNeg     . . .     Spirit   .   k - +0 scale mail
rPois    .         Reflect  .   (no helmet)
rElec    .         Harm     .   (no cloak)
rCorr    .         Rampage  .   (no gloves)
Will     .....                  f - +0 pair of boots
Stlth    +.........             (no amulet)
HPRegen  0.09/turn              c - +4 ring of protection
MPRegen  0.09/turn              l - +6 ring of dexterity

@: no status effects
A: talons 1, cold resistance 1
a: no special abilities


You were on level 2 of the Dungeon.
You visited 1 branch of the dungeon, and saw 2 of its levels.

You collected 138 gold pieces.

Inventory:

Hand Weapons
 a - a +0 hand axe (weapon)
Armour
 f - a +0 pair of boots (worn)
 k - a +0 scale mail (worn)
Jewellery
 c - a +4 ring of protection (left hand)
 l - a +6 ring of dexterity (right hand)
Scrolls
 b - a scroll of random uselessness {unknown}
 d - a scroll of remove curse
 e - 2 scrolls of identify
Potions
 g - 2 potions of cancellation {unknown}
 i - 3 potions of mutation {unknown}
 j - 2 potions of haste {unknown}
 m - a potion of curing
 n - a potion of resistance {unknown}


   Skills:
 - Level 3.0 Fighting
 + Level 3.1 Axes
 * Level 1.3 Armour
 - Level 2.6 Dodging
 - Level 1.7 Stealth
 * Level 2.1 Invocations
 * Level 1.4 Evocations


You had 2 spell levels left.
You didn't know any spells.
Your spell library was empty.

Dungeon Overview and Level Annotations

Branches:
Dungeon (2/15)

Altars:
Qazlal


Innate Abilities, Weirdness & Mutations

You have sharp toenails.
Your flesh is cold resistant. (rC+)


Message History

The bullfrog zombie closely misses you.
You closely miss the bullfrog zombie.
The bullfrog zombie is severely damaged.
The bullfrog zombie hits you. x2
* * * LOW HITPOINT WARNING * * *
You hit the bullfrog zombie.
The bullfrog zombie is severely damaged.
The bullfrog zombie hits you.
* * * LOW HITPOINT WARNING * * *
You barely miss the bullfrog zombie.
The bullfrog zombie is severely damaged.
The bullfrog zombie barely misses you.
The bullfrog zombie hits you but does no damage.
You hit the bullfrog zombie.
The bullfrog zombie is almost destroyed.
The bullfrog zombie closely misses you.
You hit the bullfrog zombie.
The bullfrog zombie is almost destroyed.
The bullfrog zombie hits you.
You die...

..≈≈..≈≈......#......#.....
≈..........................
####..#.........(....#.....
#. #..............#..... #
#..............####.# #
#............######.. #.
#.........#..##......
#.##...Z†..........###..
#......@..........#####.
###.......)..#.#...(....
#..........#.####...(.
#.......<..#.# #......
#.#.....).##.# #.#..#.
#........###.###.#.#..
#.......).............
####.#########.#.#....?##
#......###.....#.#.###.#


You could see a bullfrog zombie.

Vanquished Creatures
  Terence (D:2)
  2 worms (D:2)
  2 dart slugs (D:1)
  2 goblins
  6 hobgoblins
  2 bats (D:1)
  A frilled lizard (D:1)
  3 kobolds
  2 rats (D:1)
21 creatures vanquished.

Notes
Turn   | Place    | Note
-------+----------+-------------------------------------------
     0 | D:1      | Gadfly the Demonspawn Monk began the quest for the Orb.
     0 | D:1      | Reached XP level 1. HP: 18/18 MP: 1/1
   601 | D:1      | Gained mutation: You have sharp toenails. [demonic
                  | ancestry]
   601 | D:1      | Reached XP level 2. HP: 20/24 MP: 2/2
   608 | D:1      | Reached skill level 1 in Invocations
  1727 | D:2      | Reached skill level 1 in Evocations
  1791 | D:2      | Found a stormy altar of Qazlal.
  1896 | D:2      | Reached skill level 1 in Armour
  1928 | D:2      | Noticed Terence
  1929 | D:2      | Found a faded altar of an unknown god.
  2026 | D:2      | Killed Terence
  2027 | D:2      | Gained mutation: Your flesh is cold resistant. (rC+)
                  | [demonic ancestry]
  2027 | D:2      | Reached XP level 3. HP: 29/29 MP: 4/4
  2064 | D:2      | Slain by a bullfrog zombie

Illustrated notes

Levels and vault maps discovered:
D:1:      amcnicky_arrival_choice, layout_basic
D:2:      layout_rooms, chequers_ecumenical_altar_island,
          nicolae_qazlal_eye_of_the_storm, uniq_terence

Skill      XL: |  1  2 |
---------------+-------+-----
Invocations    | 2 |  2.1
Axes           | 3 |  3.1
Evocations     | 1 |  1.4
Armour         | 1 |  1.3
Fighting       | |  3.0
Dodging        | |  2.6
Stealth        | |  1.7

Action                   || total
-------------------------++-------
Melee: Hand axe          ||    91
  Use: Scroll            ||     6
Armor: Leather armour    ||     2
       Ring mail         ||    10
       Scale mail        ||     7
Dodge: Dodged            ||    47
